 Dungeon Crawl Stone Soup version 0.25.0-26-g0c896c7088 (webtiles) character file.

Game seed: 986419139687929007

196 Elvor the Shield-Bearer (level 5, -1/49 HPs)
             Began as a Deep Dwarf Fighter on July 2, 2020.
             Killed from afar by an orc wizard (5 damage)
             ... with a magic dart
             ... on level 4 of the Dungeon.
             The game lasted 00:18:08 (2359 turns).

Elvor the Shield-Bearer (Deep Dwarf Fighter)        Turns: 2359, Time: 00:18:10

Health: -1/49      AC:  8    Str: 20    XL:     5   Next: 45%
Magic:  5/5        EV:  8    Int:  9    God:
Gold:   115        SH:  9    Dex: 12    Spells: 4/4 levels left

rFire    . . .     SeeInvis .   a - +0 war axe
rCold    . . .     Gourm    .   c - +0 kite shield
rNeg     . . .     Faith    .   b - +0 scale mail
rPois    .         Spirit   .   (no helmet)
rElec    .         Reflect  .   d - +0 cloak
rCorr    .         Harm     .   (no gloves)
MR       .....                  (no boots)
Stlth    ..........             (no amulet)
HPRegen  0.00/turn              (no ring)
MPRegen  0.09/turn              (no ring)

@: non-regenerating, slowed, very slow
A: damage resistance, heal wounds, sense surroundings 1, no regeneration
a: Heal Wounds


You were on level 4 of the Dungeon.
You were not hungry.

You visited 1 branch of the dungeon, and saw 4 of its levels.

You collected 115 gold pieces.

Inventory:

Hand Weapons
 a - a +0 war axe (weapon)
Missiles
 s - 10 poisoned darts (quivered)
Armour
 b - a +0 scale mail (worn)
 c - a +0 kite shield (worn)
 d - a +0 cloak (worn)
Jewellery
 j - an uncursed amulet of faith {unknown}
Scrolls
 e - 3 scrolls of blinking {unknown}
 g - 3 scrolls of identify {unknown}
 l - a scroll of enchant weapon {unknown}
 m - a scroll of noise {unknown}
 n - a scroll of remove curse {unknown}
 o - a scroll of fog {unknown}
 p - a scroll of amnesia {unknown}
 w - a scroll of random uselessness {unknown}
Potions
 h - a potion of berserk rage {unknown}
 i - 3 potions of curing {unknown}
 k - a potion of flight {unknown}
 q - a potion of stabbing {unknown}
 r - a potion of brilliance {unknown}
 u - 2 potions of lignification {unknown}
 v - a potion of haste {unknown}
Comestibles
 f - 7 rations
 t - a chunk of flesh


   Skills:
 * Level 3.2 Fighting
 + Level 4.2 Axes
 + Level 3.9 Armour
 + Level 1.8 Dodging
 + Level 4.2 Shields


You had 4 spell levels left.
You didn't know any spells.
Your spell library was empty.

Dungeon Overview and Level Annotations

Branches:
Dungeon (4/15)
 Temple: D:4-7

Altars:
Nemelex Xobeh
Ru


Innate Abilities, Weirdness & Mutations

You are resistant to damage.
You can heal yourself by infusing magical energy.
You passively map a small area around you.
You do not regenerate.


Message History

The orc wizard gestures at you while chanting.
The magic dart hits you but does no damage.
You block the orc wizard's attack.
The orc warrior hits you with a +0 mace!
The orc priest closely misses you.
The orc wizard hits you but does no damage.
You closely miss the orc priest.
The orc priest is lightly wounded.
You completely miss the orc wizard.
You hit the orc wizard but do no damage.
You hit the orc warrior. You block the orc wizard's attack.
The orc wizard barely misses you.
The orc warrior hits you with a +0 mace!
The orc priest calls down the wrath of Beogh upon you.
Beogh smites you!
* * * LOW HITPOINT WARNING * * *
The orc wizard hits you with a +0 dagger.
The orc wizard points at you and mumbles some strange words.
The magic dart hits you!
You die...

, , , ,, ,
, ,,* , ,
,, , , , ,
* , , ,
,,*, ,,
###### , ,
##....### ,
#.o@o...#
,,
+..oo.<.# ,
##......#,,
, #......#
,, ########
, , , , , ,
, , , , , ,
,, , , , ,,


You could see an orc warrior, an orc priest and 2 orc wizards.

Vanquished Creatures
  A centaur skeleton (D:3)
  Crazy Yiuf (D:2)
  A hound zombie (D:3)
  6 adders
  A worm (D:2)
  3 dart slugs
  3 leopard geckos
  10 bats
  3 giant cockroaches
  5 goblins
  6 hobgoblins
  5 jackals
  7 frilled lizards
  4 kobolds
  3 rats
59 creatures vanquished.

Notes
Turn   | Place    | Note
-------+----------+-------------------------------------------
     0 | D:1      | Elvor the Deep Dwarf Fighter began the quest for the Orb.
     0 | D:1      | Reached XP level 1. HP: 20/20 MP: 1/1
   170 | D:1      | Reached XP level 2. HP: 24/27 MP: 2/2
   820 | D:2      | Reached XP level 3. HP: 21/34 MP: 3/3
  1066 | D:2      | Found a runed translucent door.
  1067 | D:2      | Noticed Crazy Yiuf
  1075 | D:2      | Killed Crazy Yiuf
  1075 | D:2      | Reached skill level 1 in Dodging
  1075 | D:2      | Reached XP level 4. HP: 36/42 MP: 4/4
  1612 | D:3      | Found a sacrificial altar of Ru.
  1788 | D:3      | Reached XP level 5. HP: 36/49 MP: 5/5
  2135 | D:3      | Found a sparkling altar of Nemelex Xobeh.
  2352 | D:4      | Noticed an orc warrior
  2359 | D:4      | Killed from afar by an orc wizard

Illustrated notes

Levels and vault maps discovered:
D:1:      kennysheep_arrival_seaside, layout_loops_cross,
          minmay_misc_feat_roman, nrook_mini_backslash, minmay_liquid_box
D:2:      minmay_evil_eye, layout_loops_ring, uniq_crazy_yiuf_cottage
D:3:      layout_loops_corners, nicolae_ru_the_path_less_chosen,
          nemelex_xobeh_ov_fountains_minmay, minivault_23,
          minmay_misc_feat_hallway
D:4:      layout_gridville

Skill      XL: |  1  2  3  4 |
---------------+-------------+-----
Fighting       | 3 |  3.2
Axes           | 3 4 |  4.2
Dodging        | 1 |  1.8
Shields        | 4 |  4.2
Armour         | |  3.9

Action                   |  1- 3 |  4- 6 || total
-------------------------+-------+-------++-------
Melee: War axe           |   109 |   129 ||   238
 Abil: Heal Wounds       |     1 |     1 ||     2
  Use: Potion            |     1 |       ||     1
  Eat: Chunk             |     1 |     4 ||     5
Armor: Scale mail        |    55 |    61 ||   116
Dodge: Dodged            |    43 |    54 ||    97
Block: Kite shield       |    68 |    72 ||   140
